 Dungeon Crawl Stone Soup version 0.30-a0-782-ge64f9170bb (webtiles) character file.

Game seed: 7374511016829338474

1022 vineage the Fighter (level 8, 0/59 HPs)
             Began as a Gargoyle Fighter on Mar 16, 2023.
             Was an Initiate of Okawaru.
             Slain by an ogre
             ... wielding a +0 giant club
              (20 damage)
             ... on level 5 of the Dungeon.
             The game lasted 00:06:09 (3451 turns).

vineage the Fighter (Gargoyle Fighter)              Turns: 3451, Time: 00:06:09

Health: 0/59       AC: 17    Str: 26    XL:     8   Next: 22%
Magic:  8/8        EV:  6    Int:  9    God:    Okawaru [......]
Gold:   295        SH:  9    Dex: 17    Spells: 7/7 levels left

rFire   + . .      SeeInvis .    a - +0 flail (heavy)
rCold   . . .      Faith    .    d - +0 kite shield
rNeg    + . .      Spirit   .    j - +2 chain mail {Will+}
rPois   ∞          Reflect  .    (no helmet)
rElec   +          Harm     .    q - +0 cloak
rCorr   .          Rampage  .    (no gloves)
Will    +....                    (no boots) Stlth
                                 m - amulet of regeneration
HPRegen 1.89/turn                g - +6 ring of dexterity
MPRegen 0.11/turn                x - +6 ring of strength

@: about to teleport
A: sickness immunity, AC +5, negative energy resistance 1, electricity
resistance, torment resistance 1, petrification resistance, fire resistance 1,
regeneration 1
a: Renounce Religion


You were on level 5 of the Dungeon.
You worshipped Okawaru.
Okawaru was noncommittal.
You visited 1 branch of the dungeon, and saw 5 of its levels.

You collected 295 gold pieces.

Inventory:

Hand Weapons
 a - a +0 heavy flail (weapon)
Armour
 d - a +0 kite shield (worn)
 j - a +2 chain mail of willpower (worn)
 q - a +0 cloak (worn)
Jewellery
 g - a +6 ring of dexterity (left hand)
 m - an amulet of regeneration (around neck)
 x - a +6 ring of strength (right hand)
Wands
 b - a wand of flame (15)
Scrolls
 h - a scroll of teleportation
 p - a scroll of identify
 w - a scroll of noise {unknown}
Potions
 c - 2 potions of cancellation {unknown}
 e - a potion of lignification
 f - a potion of ambrosia
 i - 2 potions of brilliance
 k - a potion of magic {unknown}
 l - a potion of berserk rage {unknown}
 n - 2 potions of flight {unknown}
 o - 2 potions of resistance {unknown}
 r - a potion of heal wounds {unknown}
 s - 3 potions of curing
 t - a potion of mutation
 u - a potion of attraction {unknown}
 v - a potion of degeneration {unknown}


   Skills:
 + Level 10.7 Fighting
 - Level 2.0 Maces & Flails
 - Level 3.2 Armour
 - Level 3.2 Shields


You had 7 spell levels left.
You didn't know any spells.
Your spell library contained the following spells:

 Spells                   Type           Power      Damage    Failure   Level
 Beastly Appendage        Tmut           0%         N/A       100%        1
 Slow                     Hex            0%         N/A       100%        1
 Blink                    Tloc           0%         N/A       100%        2
 Lesser Beckoning         Tloc           0%         N/A       100%        2
 Momentum Strike          Conj/Tloc      0%         3d8       100%        2
 Wereblood                Tmut           0%         N/A       100%        2
 Confusing Touch          Hex            0%         N/A       100%        3
 Spider Form              Tmut/Pois      0%         N/A       100%        3
 Vampiric Draining        Necr           0%         2d6       100%        3


Dungeon Overview and Level Annotations

Branches:
Dungeon (5/15)
 Temple: D:4-7

Altars:
Cheibriados
Hepliaklqana
Nemelex Xobeh
Okawaru

Shops:
D:3 [


Innate Abilities, Weirdness & Mutations

You are immune to sickness and miasma.
Your stone body is resilient. (AC +5)
You are immune to poison.
You resist negative energy. (rN+)
You are resistant to electric shocks. (rElec)
You are resistant to unholy torment.
You are immune to petrification.
Your flesh is heat resistant. (rF+)
Your natural rate of healing is unusually fast.


Message History

The orc completely misses you. You block the ogre's attack.
The river rat barely misses you. The giant cockroach barely misses you.
The river rat bites you but does no damage.
The rat bites you but does no damage.
An orc comes into view. It is wielding a +0 club.
The orc hits you but does no damage.
A worm comes into view.
You barely miss the ogre.
The ogre is moderately wounded.
You block the giant cockroach's attack.
The ogre hits you with a +0 giant club!!
The orc completely misses you. The rat bites you but does no damage.
You block the river rat's attack. You block the giant cockroach's attack.
The ogre hits you with a +0 giant club!!
* * * LOW HITPOINT WARNING * * *
The river rat bites you but does no damage.
The rat bites you but does no damage. The orc hits you but does no damage.
You block the orc's attack. The giant cockroach barely misses you.
You are too injured to fight recklessly!
You are too injured to fight recklessly!
You are too injured to fight recklessly!
You are too injured to fight recklessly!
You are too injured to fight recklessly!
You are too injured to fight recklessly!
You are too injured to fight recklessly!
You are too injured to fight recklessly!
You are too injured to fight recklessly!
You are too injured to fight recklessly!
You are too injured to fight recklessly!
You are too injured to fight recklessly!
As you read the scroll of teleportation, it crumbles to dust.
You feel strangely unstable. The rat bites you but does no damage.
The river rat barely misses you. The orc barely misses you.
You block the orc's attack. The giant cockroach closely misses you.
The sentinel's mark upon you fades away.
The river rat bites you but does no damage.
The orc hits you but does no damage. You block the orc's attack.
The ogre attacks as you move away!
The ogre hits you with a +0 giant club!!
You die...

......#.##.....# #.#
####..#.##.....# #.#
##......##.#.#### #####.#
##.#..##........# #...†.#
##.#............# #.#####
........#######.###.#
##.####.#.....#...#.#####
#......#.....#..oo...:.#
##..#...).._..#.@oor.......
........#)....#OrB#..#.....
#.#.#...#.....#.r..#.#...#.
#.#.##..#######..#.#.# ....
#.#.......[......#.... ...
#########...#...w..#. .)#
#...####w...B. #...# .....
#...# ...#.#


You could see an ogre, a worm, 2 river rats, 4 orcs, a giant cockroach and a
rat.

Vanquished Creatures
  A black bear (D:4)
  4 ogres
  A centaur (D:5)
  A necrophage (D:5)
  A bullfrog (D:4)
  A scorpion (D:4)
  Crazy Yiuf (D:4)
  An orc priest (D:3)
  2 iguanas (D:5)
  4 gnolls
  4 adders
  2 shadow imps (D:4)
  5 ufetubi (D:4)
  2 worms
  4 dart slugs
  6 orcs
  11 ball pythons
  4 bats
  5 endoplasms
  5 giant cockroaches
  10 goblins
  4 hobgoblins
  4 jackals (D:1)
  7 kobolds
  3 quokkas
  3 frilled lizards (D:2)
  5 rats
101 creatures vanquished.

Vanquished Creatures (others)
  4 demonic plants (D:4)
  A plant (D:3)
5 creatures vanquished.

Grand Total: 106 creatures vanquished

Notes
Turn   | Place    | Note
-------+----------+-------------------------------------------
     0 | D:1      | vineage the Gargoyle Fighter began the quest for the Orb.
     0 | D:1      | Reached XP level 1. HP: 14/14 MP: 1/1
   139 | D:1      | Reached XP level 2. HP: 18/20 MP: 2/2
   144 | D:1      | Reached skill level 4 in Fighting
   608 | D:1      | Reached XP level 3. HP: 24/24 MP: 3/3
   610 | D:1      | Gained mutation: You sometimes lose your temper in combat.
                  | [potion of mutation]
   610 | D:1      | Gained mutation: Your natural rate of healing is unusually
                  | fast. [potion of mutation]
   610 | D:1      | Gained mutation: Your flesh is heat resistant. (rF+)
                  | [potion of mutation]
   610 | D:1      | Lost mutation: You sometimes lose your temper in combat.
                  | [potion of mutation]
   885 | D:1      | Found a faded altar of an unknown god.
  1092 | D:2      | Reached skill level 5 in Fighting
  1364 | D:2      | Reached XP level 4. HP: 31/31 MP: 4/4
  2123 | D:3      | Found a snail-covered altar of Cheibriados.
  2176 | D:3      | Found Kegiypa's Armour Shoppe.
  2226 | D:3      | Found a hazy altar of Hepliaklqana.
  2333 | D:3      | Reached skill level 6 in Fighting
  2340 | D:3      | Reached XP level 5. HP: 37/37 MP: 5/5
  2520 | D:3      | Reached skill level 7 in Fighting
  2533 | D:4      | Reached XP level 6. HP: 23/44 MP: 6/6
  2570 | D:4      | Identified the +6 leather armour of the Bouncing Princes
                  | {Rampage}
  2640 | D:4      | Reached skill level 8 in Fighting
  2646 | D:4      | Found a sparkling altar of Nemelex Xobeh.
  2928 | D:4      | Reached XP level 7. HP: 50/50 MP: 7/7
  2966 | D:4      | Found a runed translucent door.
  2967 | D:4      | Noticed Crazy Yiuf
  3193 | D:4      | Killed Crazy Yiuf
  3251 | D:5      | Entered Level 5 of the Dungeon
  3259 | D:4      | Reached skill level 9 in Fighting
  3268 | D:5      | Found an iron altar of Okawaru.
  3284 | D:5      | Became a worshipper of Warmaster Okawaru
  3293 | D:5      | Reached skill level 10 in Fighting
  3299 | D:5      | Reached XP level 8. HP: 27/57 MP: 8/8
  3451 | D:5      | Slain by an ogre

Illustrated notes

Levels and vault maps discovered:
D:1:      ncdulo_wetmaze, layout_basic,
          hellmonk_ecumenical_altar_defaced_shrine, corner_web_ring
D:2:      minmay_chambers_of_twos, layout_basic
D:3:      layout_loops_ring, mainiacjoe_overflow_boulevard,
          worldfamousw_hep_ancestral_shrine, serial_shops, shop
D:4:      black_bear_nest_1, layout_rooms, nemelex_xobeh_ov_fountains_minmay,
          serial_demonic, serial_demonic_g, serial_demonic_d, serial_demonic_e,
          serial_demonic_e, uniq_crazy_yiuf_cottage
D:5:      layout_loops_cross, mainiacjoe_overflow_chevrons,
          amcnicky_altar_gilded, portal_sewer_entry_a

Skill      XL: |  1  2  3  4  5  6  7 |
---------------+----------------------+-----
Fighting       | 4 5 6 7 8 10 | 10.7
Maces & Flails | |  2.0
Armour         | |  3.2
Shields        | |  3.2

Action                     |  1- 3 |  4- 6 |  7- 9 || total
---------------------------+-------+-------+-------++-------
  Melee: Flail             |   118 |   118 |    46 ||   282
    Use: Scroll            |     3 |     7 |     1 ||    11
         Potion            |     1 |     2 |       ||     3
 Armour: Scale mail        |    57 |       |       ||    57
         Chain mail        |    13 |   154 |    68 ||   235
  Dodge: Dodged            |    43 |    77 |    28 ||   148
  Block: Buckler           |    30 |    27 |       ||    57
         Kite shield       |       |    47 |    51 ||    98

Table legend: (Time is in decaauts)
 A = Elapsed time spent in this place.
 B = Non-inter-level travel time spent in this place.
 C = Inter-level travel time spent in this place.
 D = Time resting spent in this place.
 E = Time spent auto-exploring this place.
 F = Levels seen in this place.
 G = Mean time per level.
                   A        B        C        D        E       F      G
               +--------+--------+--------+--------+--------+-----+--------+
         Total |   3638 |   3471 |    167 |      0 |   2625 |   5 |  727.6 |
       Dungeon |   3638 |   3471 |    167 |      0 |   2625 |   5 |  727.6 |
               +--------+--------+--------+--------+--------+-----+--------+

Top non-repeatable levels by time:
     D:1: 1023 daAuts
     D:2: 910 daAuts
     D:4: 827 daAuts
     D:3: 646 daAuts
     D:5: 231 daAuts
